 Dungeon Crawl Stone Soup version 0.29.0-4-gdea44cf6ec (webtiles) character file.

Game seed: 13349719516103659591

303 qw the Chopper (level 6, -3/38 HPs)
             Began as a Gargoyle Berserker on Sept 6, 2022.
             Was a Believer of Trog.
             Killed by divine providence
             ... invoked by an orc priest
              (14 damage)
             ... on level 4 of the Dungeon.
             The game lasted 00:00:52 (2650 turns).

qw the Chopper (Gargoyle Berserker)                 Turns: 2650, Time: 00:00:53

Health: -3/38      AC:  7    Str: 22    XL:     6   Next: 38%
Magic:  6/6        EV: 11    Int:  8    God:    Trog [**....]
Gold:   142        SH:  0    Dex:  9    Spells: 5/5 levels left

rFire   . . .      SeeInvis .   Y - +2 hand axe
rCold   . . .      Faith    .   (no shield)
rNeg    + . .      Spirit   .   i - +0 leather armour
rPois   inf        Reflect  .   (no helmet)
rElec   +          Harm     .   (no cloak)
rCorr   .          Rampage  .   (no gloves)
Will    .....                   (no boots)
Stlth   +.........              c - amulet of regeneration
HPRegen 0.92/turn               (no ring)
MPRegen 0.10/turn               (no ring)

@: on berserk cooldown, slowed, very slow
A: sickness immunity, AC +4, negative energy resistance 1, electricity
resistance, torment resistance 1, petrification resistance
a: Renounce Religion, Berserk, Trog's Hand


You were on level 4 of the Dungeon.
You worshipped Trog.
Trog was pleased with you.
You visited 1 branch of the dungeon, and saw 4 of its levels.

You collected 142 gold pieces.


Innate Abilities, Weirdness & Mutations

You are immune to sickness and miasma.
Your stone body is resilient. (AC +4)
You are immune to poison.
You resist negative energy. (rN+)
You are resistant to electric shocks. (rElec)
You are resistant to unholy torment.
You are immune to petrification.


   Skills:
 - Level 4.2 Fighting
 + Level 5.8 Axes
 - Level 1.0 Throwing
 - Level 2.1 Armour
 - Level 1.5 Dodging


You had 5 spell levels left.
You didn't know any spells.
Your spell library was empty.

Inventory:

Hand Weapons
 l - a +0 whip
 Y - a +2 hand axe (weapon)
Missiles
 j - 3 silver boomerangs (quivered)
Armour
 i - a +0 leather armour (worn)
Jewellery
 b - a +6 ring of intelligence
 c - an amulet of regeneration (around neck)
Scrolls
 a - a scroll of magic mapping {unknown}
 d - a scroll of identify
 e - a scroll of poison {unknown}
 h - a scroll of enchant armour
Potions
 f - 3 potions of haste
 g - 2 potions of curing
 k - a potion of heal wounds {unknown}

Dungeon Overview and Level Annotations

Branches:
Dungeon (4/15)
 Temple: D:4-7

Altars:

Annotations:
D:2 1 runed translucent door, Crazy Yiuf
D:3 3 runed translucent doors, qw's ghost, amateur BaCK


Message History

The orc is heavily wounded.
You closely miss something. The orc hits you but does no damage.
You hear some strange, mumbled words.
You are confused.
Something hits you but does no damage. The orc closely misses you.
2643 ||| DRINKING 3 potions of curing.
You feel better.
2643 ||| (to cure confusion)
Something hits you but does no damage.
The orc priest calls upon Beogh to heal the orc.
The orc's wounds heal themselves!
The orc barely misses you.
You barely miss the orc. You barely miss something.
The orc hits you with a +0 flail. Something hits you.
Something hits you but does no damage. The orc barely misses you.
You hit the orc.
The orc is severely wounded.
You hit something. Trog accepts your kill.
Trog appreciates your killing of a magic user.
Reactivating autopickup.
You feel a bit more experienced.
The orc priest mumbles some strange prayers to Beogh against you.
Beogh smites you! The orc hits you but does no damage.
You closely miss the orc.
The orc is severely wounded.
The orc closely misses you. The orc barely misses you.
You hit the orc.
You kill the orc!
Trog accepts your kill.
You hit the orc priest.
The orc priest is moderately wounded.
The orc priest closely misses you. The orc priest hits you with a +0 club.
You closely miss the orc priest.
The orc priest is moderately wounded.
The orc priest casts a cantrip, but nothing happens.
You barely miss the orc priest.
The orc priest is moderately wounded.
The orc priest mumbles some strange prayers to Beogh against you.
Beogh smites you!
You die...

### #.#.. #.. #.#.#
##.## ###.#.# #...
..#...##
######>.#######.##....
..............#.##.#..
######..#####.#.##.#..
...#####...##
#.........
#...go@)...#
#..###.#.#
...#####...##
#...##.... #..##
##..####.. #.## #...
..# #.# #..## #.# #.#
#..# #.# #.# #..# .#
#.# #... #.#


You could see an orc priest and a hobgoblin.

Vanquished Creatures
  A black bear (D:4)
  A scorpion (D:4)
  An orc priest (D:4)
  An orc wizard (D:4)
  6 adders
  2 worms (D:3)
  2 dart slugs
  2 orcs (D:4)
  4 endoplasms
  A giant cockroach (D:1)
  4 goblins
  3 hobgoblins
  3 kobolds
  4 quokkas
  3 ball pythons
  6 bats
  2 frilled lizards
46 creatures vanquished.

Notes
Turn   | Place    | Note
-------+----------+-------------------------------------------
     0 | D:1      | qw the Gargoyle Berserker began the quest for the Orb.
     0 | D:1      | Reached XP level 1. HP: 14/14 MP: 1/1
     0 | D:1      | 0 ||| qw: Version: 0.1-a-108-g9e35731
     0 | D:1      | 0 ||| qw: Game counter: 6409
     0 | D:1      | 0 ||| qw: Always use a shield: true
     0 | D:1      | 0 ||| qw: Do Orc after D:15 true
     0 | D:1      | 0 ||| qw: Do second Lair branch before Depths: true
     0 | D:1      | 0 ||| qw: Lair rune preference: random
     0 | D:1      | 0 ||| qw: Plans: Normal
     0 | D:1      | 0 ||| PLANNING D:1-11
    39 | D:1      | 39 ||| Stepping ~*~*~tactically~*~*~ (hiding).
   147 | D:1      | Found a faded altar of an unknown god.
   172 | D:1      | Reached skill level 3 in Axes
   338 | D:1      | Reached XP level 2. HP: 18/19 MP: 2/2
   463 | D:1      | 463 ||| Stepping ~*~*~tactically~*~*~ (stealth).
  1082 | D:1      | 1082 ||| UPGRADING to +0 leather armour.
  1092 | D:1      | 1092 ||| DROPPING +0 animal skin.
  1093 | D:1      | 1093 ||| READING scroll labelled LAPNAN XOMEMEYBO.
  1094 | D:1      | 1094 ||| READING scroll labelled IRAEVO GYMO.
  1095 | D:1      | 1095 ||| READING scroll labelled TUKHAO BIAB.
  1100 | D:1      | 1100 ||| READING scroll labelled QEYTIBBE MESAE.
  1101 | D:1      | 1101 ||| DRINKING 3 metallic silvery potions.
  1199 | D:2      | Reached XP level 3. HP: 18/23 MP: 3/3
  1243 | D:2      | Reached skill level 4 in Axes
  1394 | D:2      | 1394 ||| Stepping ~*~*~tactically~*~*~ (stealth).
  1541 | D:2      | Found a runed translucent door.
  1542 | D:2      | Noticed Crazy Yiuf
  1684 | D:2      | Reached XP level 4. HP: 28/28 MP: 4/4
  1801 | D:2      | 1801 ||| UPGRADING to amulet of regeneration.
  1806 | D:2      | 1806 ||| READING scroll labelled DOXOTO BUKH.
  1807 | D:2      | 1807 ||| DRINKING 4 sedimented grey potions.
  1850 | D:3      | Found a runed translucent gate.
  1851 | D:3      | Found a runed translucent gate.
  1851 | D:3      | Found a runed translucent gate.
  1855 | D:3      | Noticed qw's ghost (amateur BaCK)
  1876 | D:3      | Reached ** piety under Trog
  1956 | D:3      | 1956 ||| INVOKING Berserk.
  1957 | D:3      | 1957 ||| INVOKING Berserk.
  2385 | D:3      | 2385 ||| READING 2 scrolls labelled JUFFES HUXOPA.
  2386 | D:3      | 2386 ||| READING 2 scrolls labelled XALIXZ BAOTEBU.
  2387 | D:3      | 2387 ||| READING scroll of enchant weapon.
  2387 | D:3      | 2387 ||| ENCHANTING +1 hand axe.
  2388 | D:3      | 2388 ||| READING 3 scrolls of identify.
  2388 | D:3      | 2388 ||| IDENTIFYING fizzy amethyst potion
  2389 | D:3      | 2389 ||| READING 2 scrolls of identify.
  2389 | D:3      | 2389 ||| IDENTIFYING sedimented yellow potion
  2390 | D:3      | 2390 ||| DROPPING scroll of noise.
  2391 | D:3      | 2391 ||| DROPPING potion of lignification.
  2392 | D:3      | 2392 ||| DROPPING potion of flight.
  2422 | D:4      | Noticed a black bear
  2426 | D:4      | 2426 ||| INVOKING Berserk.
  2428 | D:4      | Killed a black bear
  2429 | D:4      | Reached skill level 5 in Axes
  2429 | D:4      | Reached XP level 5. HP: 32/32 MP: 5/5
  2574 | D:4      | Reached skill level 1 in Throwing
  2599 | D:4      | Reached XP level 6. HP: 30/38 MP: 6/6
  2619 | D:4      | 2619 ||| Stepping ~*~*~tactically~*~*~ (hiding).
  2621 | D:4      | 2621 ||| INVOKING Berserk.
  2628 | D:4      | 2628 ||| DRINKING 4 potions of curing.
  2628 | D:4      | 2628 ||| (to cure confusion)
  2640 | D:4      | HP: 9/38 [something (2)]
  2643 | D:4      | 2643 ||| DRINKING 3 potions of curing.
  2643 | D:4      | 2643 ||| (to cure confusion)
  2645 | D:4      | HP: 5/38 [orc priest/divine providence (9)]
  2650 | D:4      | Killed from afar by an orc priest

Levels and vault maps discovered:
D:1:      minmay_arrival_nine_rooms, layout_basic, ebering_ecumenical_altar_rust
D:2:      layout_rooms, uniq_crazy_yiuf_cottage
D:3:      layout_rooms, gammafunk_ghost_necromancy
D:4:      layout_loops_ring, kennysheep_little_box,
          grunt_temple_overflow_cloverleaf, minmay_fractal_squares_5

Skill      XL: |  1  2  3  4  5 |
---------------+----------------+-----
Axes           | 3 4 5 |  5.8
Throwing       | 1 |  1.0
Fighting       | 4 |  4.2
Armour         | |  2.1
Dodging        | |  1.5

Action                   |  1- 3 |  4- 6 || total
-------------------------+-------+-------++-------
Melee: Hand axe          |    95 |    70 ||   165
       Punch             |     1 |     1 ||     2
Throw: Boomerang         |    14 |    11 ||    25
       Javelin           |       |    17 ||    17
Invok: Berserk           |       |     3 ||     3
  Use: Scroll            |     4 |     6 ||    10
       Potion            |     1 |     3 ||     4
Armor: Animal skin       |    10 |       ||    10
       Leather armour    |    36 |    48 ||    84
Dodge: Dodged            |    60 |    46 ||   106

Table legend:
 A = Non-vault XP
 B = Vault XP
 C = Vault XP percentage of total XP
 D = Non-vault monster count
 E = Vault monster count
 F = Vault count percentage of total count
                 A         B        C        D         E       F
            +---------+---------+-------+---------+---------+-------
      Total |     434 |       0 |   0.0 |      46 |       0 |   0.0
            +---------+---------+-------+---------+---------+-------
        D:1 |      26 |       0 |   0.0 |      13 |       0 |   0.0
        D:2 |      68 |       0 |   0.0 |      12 |       0 |   0.0
        D:3 |      37 |       0 |   0.0 |      12 |       0 |   0.0
        D:4 |     303 |       0 |   0.0 |       9 |       0 |   0.0
            +---------+---------+-------+---------+---------+-------
